 Dungeon Crawl Stone Soup version 0.31.0-9-g3a7656b989 (webtiles) character file.

Game seed: 17789379618432276260

37 qw the Shooter (level 3, -1/18 HPs)
             Began as a Spriggan Hunter on Feb 2, 2024.
             Succumbed to an orc's poison
             ... on level 2 of the Dungeon.
             The game lasted 00:00:02 (812 turns).

qw the Shooter (Spriggan Hunter)                     Turns: 812, Time: 00:00:03

Health: -1/18      AC:  2    Str:  7    XL:     3   Next: 23%
Magic:  3/4        EV: 10    Int: 10    God:
Gold:   59         SH:  0    Dex: 20    Spells: 2/2 levels left

rFire   . . .        a - +1 shortbow
rCold   . . .        (shield currently unavailable)
rNeg    + . .        c - +0 robe
rPois   .            (helmet restricted)
rElec   .            (no cloak)
rCorr   +            (gloves unavailable)
SInv    +            (boots unavailable)
Will    .....        k - amulet of guardian spirit
Stlth   ++           e - ring of resist corrosion
HPRegen 0.23/turn    g - ring of positive energy
MPRegen 0.09/turn

%: guardian spirit
@: lethally poisoned (-1 -> -19), about to teleport, held, very quick
A: very small, no large weapons, unfitting armour, see invisible, speed 3
a: no special abilities


You were on level 2 of the Dungeon.
You visited 1 branch of the dungeon, and saw 2 of its levels.

You collected 59 gold pieces.


Innate Abilities, Weirdness & Mutations

You are very small and have problems with some larger weapons.
You are too small for most types of armour.
You have supernaturally acute eyesight. (SInv)
You cover ground extremely quickly. (Speed+++)


   Skills:
 - Level 1.5 Fighting
 + Level 4.6 Ranged Weapons
 - Level 4.0 Dodging
 - Level 1.5 Stealth


You had 2 spell levels left.
You didn't know any spells.
Your spell library was empty.

Inventory:

Hand Weapons
 a - a +1 shortbow (weapon)
Armour
 c - a +0 robe (worn)
Jewellery
 e - a ring of resist corrosion (left hand)
 g - a ring of positive energy (right hand)
 k - an amulet of guardian spirit (around neck)
Potions
 f - a potion of heal wounds
 h - a potion of might {unknown}
 l - a potion of curing {unknown}

Dungeon Overview and Level Annotations

Branches:
Dungeon (2/15)

Altars:


Message History

The orc hits you but does no damage.
You are poisoned.
A hobgoblin comes into view.
The ball python closely misses you. The ball python barely misses you.
You shoot an arrow. The hobgoblin shouts!
The arrow hits the orc.
The orc is heavily wounded.
You feel very sick.
You hear a shout!
The orc barely misses you. The ball python bites you.
The ball python grabs you. The ball python constricts you.
You shoot an arrow. The arrow hits the ball python.
The ball python is moderately wounded.
You feel sick.
A hobgoblin comes into view.
The orc misses you.
The ball python bites you but does no damage.
The ball python constricts you. The orc closely misses you.
You shoot an arrow.
The arrow closely misses the ball python.
You feel sick. The ball python misses you. The ball python constricts you.
The ball python misses you. The ball python constricts you.
The orc completely misses you.
You shoot an arrow. The arrow hits the ball python!
You kill the ball python!
You feel sick.
The ribbon worm expels a string of sticky webbing.
The stream of webbing hits you but does no damage.
You are caught in a web!
The orc hits you with a +0 dagger of venom.
You are lethally poisoned!
You struggle to detach yourself from the web.
You feel very sick.
The orc hits you with a +0 dagger of venom.
You are more poisoned.
812 ||| READING scroll of teleportation.
As you read the scroll of teleportation, it crumbles to dust.
You feel strangely unstable.
You die...

##.........
...........
#..7..\..8..\ #.
..........
.#####.#.g........
........7.w...\..
.......go)......
#....#@#^#
#........#
#......###
#.###.#.###
#.......#####.##
#####.##.......#..
#. #..####...## #
# #..####.....#.#.
#..#......#.#..#


You could see a ribbon worm (catching breath), an orc and 2 hobgoblins.

Vanquished Creatures
  An adder (D:2)
  2 orcs (D:2)
  A ball python (D:2)
  4 bats (D:1)
  4 endoplasms
  A giant cockroach (D:1)
  3 goblins (D:1)
  2 hobgoblins (D:1)
  A kobold (D:1)
  A quokka (D:1)
  2 frilled lizards (D:1)
  2 rats (D:1)
24 creatures vanquished.

Notes
Turn   | Place    | Note
-------+----------+-------------------------------------------
     0 | D:1      | qw the Spriggan Hunter began the quest for the Orb.
     0 | D:1      | Reached XP level 1. HP: 10/10 MP: 2/2
     0 | D:1      | 0 ||| qw: Version: 0.3-a-155-g5e7d8dd
     0 | D:1      | 0 ||| qw: Game counter: 2190
     0 | D:1      | 0 ||| qw: Melee chars always use a shield: true
     0 | D:1      | 0 ||| qw: God list: Okawaru
     0 | D:1      | 0 ||| qw: Allow faded altars: false
     0 | D:1      | 0 ||| qw: Do Orc after clearing Dungeon:15 true
     0 | D:1      | 0 ||| qw: Do second Lair branch before Depths: true
     0 | D:1      | 0 ||| qw: Lair rune preference: random
     0 | D:1      | 0 ||| qw: Goals: Normal
     0 | D:1      | 0 ||| PLANNING D:1-11
    84 | D:1      | Reached skill level 3 in Dodging
   162 | D:1      | Reached XP level 2. HP: 14/14 MP: 3/3
   252 | D:1      | HP: 3/14 [poisoned by a goblin]
   701 | D:1      | 701 ||| UPGRADING to amulet of guardian spirit.
   706 | D:1      | 706 ||| UPGRADING to ring of resist corrosion.
   707 | D:1      | 707 ||| UPGRADING to ring of positive energy.
   708 | D:1      | 708 ||| READING 2 scrolls labelled JAYZIJ MABB.
   713 | D:1      | 713 ||| READING scroll labelled TUSAOP OVAQI.
   713 | D:1      | 713 ||| ENCHANTING +0 shortbow.
   714 | D:1      | 714 ||| READING scroll labelled YMOARO HODUALE.
   714 | D:1      | 714 ||| IDENTIFYING golden potion
   715 | D:1      | 715 ||| DROPPING scroll of butterflies.
   787 | D:2      | Reached XP level 3. HP: 18/18 MP: 4/4
   811 | D:2      | HP: 3/18 [poisoned by an orc]
   812 | D:2      | 812 ||| READING scroll of teleportation.
   812 | D:2      | Succumbed to an orc's poison

Levels and vault maps discovered:
D:1:      lightli_arrival_isolated_outpost, layout_loops_ring,
          amcnicky_mini_pool_small
D:2:      layout_loops_cross, hellmonk_ecumenical_altar_arch_garden,
          uniq_terence

Skill      XL: |  1  2 |
---------------+-------+-----
Dodging        | 3 4 |  4.0
Fighting       | |  1.5
Ranged Weapons | |  4.6
Stealth        | |  1.5

Action                     || total
---------------------------++-------
   Fire: Shortbow          ||    65
    Use: Scroll            ||     4
 Armour: Robe              ||     8
  Dodge: Dodged            ||    18

Table legend:
 A = Non-vault XP
 B = Vault XP
 C = Vault XP percentage of total XP
 D = Non-vault monster count
 E = Vault monster count
 F = Vault count percentage of total count
                 A         B        C        D         E       F
            +---------+---------+-------+---------+---------+-------
      Total |      54 |       0 |   0.0 |      24 |       0 |   0.0
            +---------+---------+-------+---------+---------+-------
        D:1 |      29 |       0 |   0.0 |      18 |       0 |   0.0
        D:2 |      25 |       0 |   0.0 |       6 |       0 |   0.0
            +---------+---------+-------+---------+---------+-------
